General information
- name: BNet
- type: Ladder team game (AT/RT)
- host: Battle.net
- saver: DSSN
map: MarketSquare
- players: 8
- length: 06:14
- speed: Fast
- version: 1.26 W3XP
- replay type: Public
» download(45 KB)
Players
team 1 (winner)

»
CdfChris (
purple | 43 APM | 269 actions | 06:13)
2 Death Knight
1 Death Coil
1 Unholy Aura
» actions
| Assign group hotkey | 11 | |
| Build / train | 19 | |
| Enter build submenu | 11 | |
| Enter hero's abilities submenu | 2 | |
| Right click | 120 | |
| Select / deselect | 75 | |
| Select group hotkey | 19 | |
| Use ability | 12 | |
269 total
» units
| Acolyte | 3 | |
| Ghoul | 3 | |
| Crypt Fiend | 3 | |
9 total
» upgrades
| Creature Attack | 1 | |
| Creature Carapace | 1 | |
2 total
» buildings
| Crypt | 1 | |
| Graveyard | 1 | |
| Ziggurat | 3 | |
| Altar of Darkness | 1 | |
| Nerubian Tower | 2 | |
| Tomb of Relics | 1 | |
| Spirit Tower | 1 | |
| Halls of the Dead | 1 | |
11 total
» build order
00:54 Crypt
00:59 Graveyard
01:04 Ziggurat
01:18 Altar of Darkness
02:00 Nerubian Tower
02:13 Tomb of Relics
02:48 Ziggurat
03:23 Ziggurat
04:46 Spirit Tower
04:47 Nerubian Tower
05:44 Halls of the Dead
» items

»
DSSN (
yellow | 94 APM | 589 actions | 06:14)
2 Death Knight
1 Death Coil
1 Unholy Aura
1 Paladin
1 Holy Light
» actions
| Assign group hotkey | 16 | |
| Basic commands | 4 | |
| Build / train | 61 | |
| ESC pressed | 4 | |
| Enter build submenu | 22 | |
| Enter hero's abilities submenu | 3 | |
| Right click | 204 | |
| Select / deselect | 114 | |
| Select group hotkey | 125 | |
| Use ability | 36 | |
589 total
» units
| Acolyte | 5 | |
| Peasant | 18 | |
| Ghoul | 3 | |
| Footman | 10 | |
| Crypt Fiend | 5 | |
41 total
» upgrades
| Creature Attack | 1 | |
| Creature Carapace | 1 | |
2 total
» buildings
| Altar of Darkness | 1 | |
| Ziggurat | 4 | |
| Crypt | 1 | |
| Altar of Kings | 1 | |
| Barracks | 1 | |
| Farm | 6 | |
| Graveyard | 1 | |
| Tomb of Relics | 1 | |
| Nerubian Tower | 4 | |
| Scout Tower | 1 | |
| Blacksmith | 1 | |
| Spirit Tower | 1 | |
| Arcane Tower | 1 | |
| Keep | 3 | |
27 total
» build order
00:20 Altar of Darkness
00:21 Ziggurat
00:38 Crypt
00:47 Altar of Kings
00:48 Barracks
00:50 Farm
01:00 Farm
01:05 Graveyard
01:18 Tomb of Relics
01:33 Ziggurat
01:47 Farm
01:55 Nerubian Tower
01:55 Nerubian Tower
01:55 Nerubian Tower
02:35 Farm
03:29 Ziggurat
04:08 Farm
04:09 Farm
04:13 Scout Tower
04:20 Blacksmith
04:32 Spirit Tower
05:21 Arcane Tower
05:39 Keep
05:40 Keep
06:05 Ziggurat
» items

»
geonges (
orange | 0 APM | 0 actions | 06:14)

»
crabe972 (
pink | 30 APM | 184 actions | 06:13)
1 Far Seer
1 Feral Spirit
» actions
| Assign group hotkey | 19 | |
| Build / train | 20 | |
| Enter build submenu | 10 | |
| Enter hero's abilities submenu | 1 | |
| Right click | 43 | |
| Select / deselect | 46 | |
| Select group hotkey | 29 | |
| Use ability | 16 | |
184 total
» units
| Peon | 9 | |
| Grunt | 4 | |
| Troll Headhunter/Berserker | 4 | |
17 total
» buildings
| Altar of Storms | 1 | |
| Orc Burrow | 5 | |
| Barracks | 2 | |
| War Mill | 1 | |
| Stronghold | 1 | |
| Watch Tower | 4 | |
14 total
» build order
00:15 Altar of Storms
00:23 Orc Burrow
00:47 Barracks
01:35 War Mill
01:51 Barracks
02:40 Orc Burrow
02:42 Orc Burrow
04:26 Orc Burrow
04:27 Orc Burrow
04:33 Stronghold
06:04 Watch Tower
06:05 Watch Tower
06:07 Watch Tower
06:08 Watch Tower
team 2 (loser)
Lexbarker (
green | 28 APM | 173 actions | 06:13)
1 Death Knight
1 Death Coil
1 Mountain King
1 Storm Bolt
» actions
| Basic commands | 8 | |
| Build / train | 29 | |
| Enter build submenu | 15 | |
| Enter hero's abilities submenu | 2 | |
| Right click | 32 | |
| Select / deselect | 72 | |
| Use ability | 15 | |
173 total
» units
| Acolyte | 2 | |
| Ghoul | 3 | |
| Peasant | 4 | |
| Crypt Fiend | 4 | |
| Rifleman | 6 | |
19 total
» upgrades
| Creature Attack | 1 | |
| Creature Carapace | 1 | |
2 total
» buildings
| Altar of Darkness | 1 | |
| Ziggurat | 4 | |
| Crypt | 1 | |
| Graveyard | 1 | |
| Nerubian Tower | 2 | |
| Barracks | 2 | |
| Farm | 4 | |
| Blacksmith | 1 | |
| Halls of the Dead | 1 | |
| Tomb of Relics | 1 | |
| Keep | 1 | |
19 total
» build order
00:20 Altar of Darkness
00:25 Ziggurat
00:52 Crypt
01:10 Graveyard
01:27 Ziggurat
02:18 Nerubian Tower
02:27 Nerubian Tower
02:37 Barracks
03:32 Farm
03:36 Barracks
03:39 Blacksmith
03:45 Farm
03:49 Halls of the Dead
05:00 Farm
05:05 Farm
05:23 Tomb of Relics
05:27 Ziggurat
05:29 Ziggurat
05:36 Keep
NOOBTAC (
red | 3235 APM | 20154 actions | 06:13)
» actions
| Build / train | 9 | |
| Enter build submenu | 7 | |
| Right click | 33 | |
| Select / deselect | 31 | |
| Use ability | 20074 | |
20154 total
» units
» buildings
| Lumber Mill | 5 | |
| Scout Tower | 2 | |
| Guard Tower | 2 | |
9 total
» build order
00:19 Lumber Mill
00:34 Lumber Mill
00:48 Lumber Mill
01:07 Lumber Mill
01:20 Lumber Mill
01:36 Scout Tower
01:41 Scout Tower
02:03 Guard Tower
02:04 Guard Tower
mrj_human (
teal | 15 APM | 31 actions | 02:05)
» actions
| Assign group hotkey | 3 | |
| Build / train | 4 | |
| Enter build submenu | 2 | |
| Right click | 9 | |
| Select / deselect | 11 | |
| Use ability | 2 | |
31 total
» units
» buildings
| Altar of Kings | 1 | |
| Lumber Mill | 1 | |
2 total
» build order
01:35 Altar of Kings
01:46 Lumber Mill

»
Empyrian (
blue | 81 APM | 503 actions | 06:13)
2 Keeper of the Grove
1 Entangling Roots
1 Thorns Aura
» actions
| Assign group hotkey | 14 | |
| Basic commands | 7 | |
| Build / train | 27 | |
| ESC pressed | 1 | |
| Enter build submenu | 16 | |
| Enter hero's abilities submenu | 2 | |
| Right click | 287 | |
| Select / deselect | 103 | |
| Select group hotkey | 25 | |
| Use ability | 21 | |
503 total
» units
» buildings
| Altar of Elders | 1 | |
| Moon Well | 4 | |
| Ancient of War | 2 | |
| Ancient of Wonders | 1 | |
| Farm | 3 | |
| Hunter's Hall | 1 | |
| Tree of Ages | 2 | |
14 total
» build order
00:14 Altar of Elders
00:35 Moon Well
00:38 Ancient of War
01:59 Ancient of Wonders
02:19 Farm
02:21 Farm
02:22 Farm
02:33 Moon Well
03:04 Ancient of War
03:58 Hunter's Hall
04:00 Moon Well
05:46 Tree of Ages
05:47 Tree of Ages
05:49 Moon Well
Chat log
(00:13 / All) DSSN: red is a maphacker and loadhacker
(00:14 / All) DSSN: http://highper.ch/all%20agree%20u%20was%20total%20suck
(00:17 / All) DSSN: I've played him before
(00:27 / Allies) CdfChris: so what
(00:31 / Allies) CdfChris: leave?
(00:31 / Allies) DSSN: lol
(00:33 / Allies) DSSN: no
(00:36 / All) NOOBTAC: lie
(00:38 / All) NOOBTAC: all lie
(00:43 / All) Empyrian: gl hf
(01:52 / All) CdfChris: kauf dir neues internet und nen neuen pc roter arschnoob
(02:18 / All) DSSN: he has 35 apm in the last game I played, red is a piece of shit
(02:33 / All) CdfChris: red fucker
(02:39 / All) NOOBTAC: why?
(03:02 / All) CdfChris: u are a fucking lagger
(03:13 / All) NOOBTAC: fu
(03:35 / Allies) CdfChris: plan?
(03:45 / Allies) DSSN: gonna try to expo
(05:47 / All) NOOBTAC: why i fucker ?
(06:13 / All) DSSN: nice drophack